 Dungeon Crawl Stone Soup version 0.31-a0-4-gefa6de2278 (webtiles) character file.

Game seed: 13860103052879323835

130 bande the Covered (level 5, 0/33 HPs)
             Began as a Gargoyle Fighter on May 4, 2023.
             Constricted to death by Ijyb (2 damage)
             ... on level 3 of the Dungeon.
             The game lasted 00:03:14 (2332 turns).

bande the Covered (Gargoyle Fighter)                Turns: 2332, Time: 00:03:15

Health: 0/33       AC: 13    Str: 20    XL:     5   Next: 14%
Magic:  5/5        EV:  3    Int:  8    God:
Gold:   119        SH:  8    Dex: 11    Spells: 4/4 levels left

rFire   . . .        a - +0 war axe
rCold   . . .        i - +0 kite shield
rNeg    + . .        k - +0 chain mail
rPois   ∞            (no helmet)
rElec   +            (no cloak)
rCorr   .            (no gloves)
SInv    .            (no boots)
Will    .....        (no amulet) Stlth
                     (no ring)
HPRegen 0.25/turn    (no ring)
MPRegen 0.09/turn

%: no passive effects
@: mighty, grasped by roots, hasted, constricted, very quick
A: sickness immunity, AC +4, negative energy resistance 1, electricity
resistance, torment resistance 1, petrification resistance
a: no special abilities


You were on level 3 of the Dungeon.
You visited 1 branch of the dungeon, and saw 3 of its levels.

You collected 119 gold pieces.

Inventory:

Hand Weapons
 a - a +0 war axe (weapon)
 j - a +0 flail
Armour
 i - a +0 kite shield (worn)
 k - a +0 chain mail (worn)
Scrolls
 e - a scroll of enchant armour {unknown}
 f - 5 scrolls of identify
Potions
 b - a potion of heal wounds {unknown}
 c - a potion of haste
 h - a potion of cancellation {unknown}


   Skills:
 + Level 3.9 Fighting
 + Level 3.3 Axes
 + Level 4.1 Armour
 + Level 3.9 Shields


You had 4 spell levels left.
You didn't know any spells.
Your spell library contained the following spells:

 Spells                   Type           Power      Damage    Failure   Level
 Beastly Appendage        Tmut           0%         N/A       100%        1
 Ensorcelled Hibernation  Hex/Ice        0%         N/A       100%        2
 Scorch                   Fire           0%         2d5       100%        2
 Wereblood                Tmut           0%         N/A       100%        2
 Ignite Poison            Fire/Tmut/Pois 0%         N/A       100%        3
 Spider Form              Tmut/Pois      0%         N/A       100%        3
 Anguish                  Hex/Necr       0%         N/A       100%        4
 Flame Wave               Conj/Fire      0%         2d4       100%        4
 Sticky Flame             Conj/Fire      0%         2d3       100%        4
 Summon Cactus Giant      Summ           0%         N/A       100%        6
 Ignition                 Fire           0%         3d3       100%        8


Dungeon Overview and Level Annotations

Branches:
Dungeon (3/15)

Altars:

Shops:
D:1 :

Annotations:
D:3 Ijyb, Robin


Innate Abilities, Weirdness & Mutations

You are immune to sickness and miasma.
Your stone body is resilient. (AC +4)
You are immune to poison.
You resist negative energy. (rN+)
You are resistant to electric shocks. (rElec)
You are resistant to unholy torment.
You are immune to petrification.


Message History

The grasping roots grab you!
Ijyb is unaffected.
The hobgoblin is unaffected.
The grasping roots constrict you. You block the hobgoblin's attack.
Robin roars a battlecry!
The hobgoblin goes into a battle-frenzy!
Ijyb hits you but does no damage. The grasping roots constrict you.
* * * LOW HITPOINT WARNING * * *
You hear a shout! x6
You slash the hobgoblin!
You kill the hobgoblin!
You hit Ijyb but do no damage.
An orc comes into view. It is wielding a +0 short sword.
Ijyb hits you with a +0 club.
* * * LOW HITPOINT WARNING * * *
The grasping roots constrict you.
The jackal bites you but does no damage.
Robin says, "My goblins will feast on your bones."
The orc moves out of view.
The grasping roots release their grip on you.
An orc wizard comes into view.
It is wielding a +2 dagger of electrocution.
You feel better. Ijyb hits you but does no damage.
You block the jackal's attack.
It was a potion of haste.
You feel yourself speed up. You block the jackal's attack.
Ijyb zaps a wand.
The roots erupt in riotous growth!
The grasping roots grab you!
Ijyb is unaffected.
The jackal is unaffected.
The grasping roots constrict you.
* * * LOW HITPOINT WARNING * * *
The jackal bites you but does no damage.
You feel very mighty all of a sudden. Ijyb hits you but does no damage.
The grasping roots constrict you.
* * * LOW HITPOINT WARNING * * *
You block the jackal's attack.
Unknown command.
You slash the jackal!
You kill the jackal!
You closely miss Ijyb. Ijyb hits you with a +0 club.
* * * LOW HITPOINT WARNING * * *
The grasping roots constrict you.
You die...

#<..# ######.### #..>#
#........ ...
#####...####.##.#..##...
...(............#.......
................#......
...............#...$.
###.#.).#.##.###.#.#
#.#.<.#.##...)g)[#
###.#...#.######@###
........#.# #g#
#####.....# #S# #
#....##


ogh # #....# ..o # #....### #.oo. #####......## ..... P............ ......
~h~~~~~≈~~~~≈ You could see Ijyb (strong), Robin, an orc wizard, 3 orcs, a
jackal, a hobgoblin (strong) and a ball python.

Vanquished Creatures
  An orc priest (D:2)
  An adder (D:2)
  A gnoll (D:3)
  A worm (D:2)
  3 dart slugs
  4 orcs
  4 ball pythons
  5 endoplasms
  4 giant cockroaches
  13 goblins
  7 hobgoblins
  7 jackals
  5 quokkas
  2 bats
  A frilled lizard (D:2)
  A kobold (D:3)
60 creatures vanquished.

Notes
Turn   | Place    | Note
-------+----------+-------------------------------------------
     0 | D:1      | bande the Gargoyle Fighter began the quest for the Orb.
     0 | D:1      | Reached XP level 1. HP: 14/14 MP: 1/1
    73 | D:1      | Found Sosawnea's Vocational Training.
   220 | D:1      | Reached XP level 2. HP: 19/19 MP: 2/2
   327 | D:1      | Found a faded altar of an unknown god.
   668 | D:1      | Reached XP level 3. HP: 19/23 MP: 3/3
  1372 | D:2      | Reached XP level 4. HP: 27/29 MP: 4/4
  1828 | D:2      | HP: 1/29 [orc priest/divine providence (16)]
  1831 | D:2      | Reached skill level 4 in Armour
  2305 | D:3      | Noticed Robin
  2310 | D:3      | Reached XP level 5. HP: 30/33 MP: 5/5
  2326 | D:3      | Noticed Ijyb
  2332 | D:3      | Constricted to death by Ijyb

Illustrated notes

Levels and vault maps discovered:
D:1:      lemuel_arrival_funnel, layout_basic,
          dreamdust_ecumenical_altar_angels_and_demons, serial_forest,
          infiniplex_forest_clump_medium, infiniplex_forest_clump_small,
          infiniplex_forest_clump_small, infiniplex_forest_corner_1,
          infiniplex_forest_lined_2, infiniplex_forest_lined_3,
          infiniplex_forest_lined_2, infiniplex_forest_lined_4_way,
          nicolae_shop_vocational
D:2:      minmay_evil_eye, layout_basic, serial_rivers,
          chequers_serial_rivers_small_a, chequers_serial_rivers_small_b,
          chequers_serial_rivers_room_b, chequers_serial_rivers_small_3,
          patterned_corridor
D:3:      lemuel_castle_with_subvaults [lemuel_castle_interior_carwin_1],
          layout_loops_cross, tso_oasis_becter, ebering_ghost_sewer_d,
          uniq_robin, uniq_grinder, uniq_ijyb

Skill      XL: |  1  2  3  4 |
---------------+-------------+-----
Axes           | 2 3 |  3.3
Armour         | 4 |  4.1
Fighting       | |  3.9
Shields        | |  3.9

Action                     |  1- 3 |  4- 6 || total
---------------------------+-------+-------++-------
  Melee: War axe           |    75 |    56 ||   131
    Use: Scroll            |     3 |       ||     3
         Potion            |       |     4 ||     4
 Armour: Scale mail        |    42 |    21 ||    63
         Chain mail        |       |    36 ||    36
  Dodge: Dodged            |    31 |    29 ||    60
  Block: Buckler           |    19 |       ||    19
         Kite shield       |    13 |    36 ||    49

Table legend: (Time is in decaauts)
 A = Elapsed time spent in this place.
 B = Non-inter-level travel time spent in this place.
 C = Inter-level travel time spent in this place.
 D = Time resting spent in this place.
 E = Time spent auto-exploring this place.
 F = Levels seen in this place.
 G = Mean time per level.
                   A        B        C        D        E       F      G
               +--------+--------+--------+--------+--------+-----+--------+
         Total |   2400 |   2386 |     14 |    715 |   1192 |   3 |  800.0 |
       Dungeon |   2400 |   2386 |     14 |    715 |   1192 |   3 |  800.0 |
               +--------+--------+--------+--------+--------+-----+--------+

Top non-repeatable levels by time:
     D:2: 1261 daAuts
     D:1: 925 daAuts
     D:3: 213 daAuts
